 Dungeon Crawl Stone Soup version 0.30-a0-702-gdf48620a09 (webtiles) character file.

Game seed: 12258026400774579935

14181 NinjaNoafa the Thaumaturge (level 12, -2/95 HPs)
             Began as a Djinni Conjurer on Jan 21, 2023.
             Was a Priest of Ashenzari.
             Slain by a komodo dragon (15 damage)
             ... on level 2 of the Lair of Beasts on Jan 22, 2023.
             The game lasted 00:32:26 (11504 turns).

NinjaNoafa the Thaumaturge (Djinni Conjurer)       Turns: 11504, Time: 00:32:27

Health: -2/95      AC:  6    Str:  6    XL:     12   Next: 42%
Gold:   147        EV: 21    Int: 23    God:    Ashenzari [***...] SH:  0 Dex: 14

rFire   + + +      SeeInvis +    c - +2 quick blade (elec)
rCold   x . .      Faith    .    (no shield)
rNeg    . . .      Spirit   .    l - +2 robe {rF+}
rPois   ∞          Reflect  .    (no helmet)
rElec   .          Harm     .    I - +0 cloak of Ashenzari's Dismay {Cun, Range} (curse)
rCorr   .          Rampage  .    C - +0 pair of gloves of Ashenzari's Oracle {Evo, Self} (curse)
Will    +....      Clarity  +    (boots unavailable)
Stlth   +++                      (no amulet)
HPRegen 0.35/turn                f - ring of Ashenzari's Doubts {EV+5, Cun, Fort} (curse)
MPRegen 0.00/turn                k - ring of the Fated Panentheism {Wiz, Evo, Cun} (curse)

@: wereblooded, flying
A: sickness immunity, fire resistance 2, cold vulnerability 1, float, innate
caster, HP casting, extra vitality 1
a: Renounce Religion, Shatter the Chains


You were on level 2 of the Lair of Beasts.
You worshipped Ashenzari.
Ashenzari was most pleased with you.
You visited 3 branches of the dungeon, and saw 12 of its levels.

You collected 777 gold pieces.
You spent 630 gold pieces at shops.

Inventory:

Hand Weapons
 a - the +5 rapier "Gram" {spect, *Rage rPois Int+3 SInv}
   (You took it off a wight on level 8 of the Dungeon)

   Int:       It affects your intelligence (+3).
   rPois:     It protects you from poison.
   SInv:      It lets you see invisible.
   *Rage:     It berserks you when you make melee attacks (+20% chance).
 c - a +2 quick blade of electrocution (weapon)
Missiles
 d - 2 atropa-tipped darts
 j - a throwing net
 p - 26 poisoned darts
 t - 3 boomerangs
 x - 3 silver javelins
 F - 2 curare-tipped darts
Armour
 l - a +2 robe of fire resistance (worn)
 C - the cursed +0 pair of gloves of Ashenzari's Oracle (worn) {Evo, Self}
   (You found it on level 6 of the Dungeon)

   It has a curse which improves the following skills: Evocations: Evocations.
   Introspection: Fighting and Spellcasting.
 I - the cursed +0 cloak of Ashenzari's Dismay (worn) {Cun, Range}
   (You took it off Crazy Yiuf on level 3 of the Dungeon)

   It has a curse which improves the following skills: Cunning: Dodging and
   Stealth.
   Ranged Combat: Ranged Weapons and Throwing.
Magical Staves
 b - a staff of air
Jewellery
 f - the cursed ring of Ashenzari's Doubts (left hand) {EV+5, Cun, Fort}
   (You found it on level 1 of the Dungeon)

   [ring of evasion]

   EV:        It affects your evasion (+5).
   It has a curse which improves the following skills: Cunning: Dodging and
   Stealth.
   Fortitude: Armour and Shields.
 k - the cursed ring of the Fated Panentheism (right hand) {Wiz, Evo, Cun}
   (You found it on level 1 of the Lair of Beasts)

   [ring of wizardry]

   It improves your spell success rate.
   It has a curse which improves the following skills: Evocations: Evocations.
   Cunning:   Dodging and Stealth.
Wands
 q - a wand of digging (1)
 y - a wand of iceblast (4)
 z - a wand of flame (11)
 A - a wand of polymorph (11)
 B - a wand of mindburst (28)
 E - a wand of acid (6)
Scrolls
 g - 4 scrolls of poison
 i - a scroll of fog
 m - 3 scrolls of teleportation
 u - a scroll of enchant armour
 v - a scroll of blinking
 D - 2 scrolls of vulnerability
Potions
 e - 2 potions of attraction
 h - 2 potions of lignification
 n - a potion of cancellation
 o - a potion of haste
 r - 2 potions of curing
 s - 2 potions of degeneration
 w - 2 potions of flight
 G - 5 potions of might
 H - 2 potions of mutation


   Skills:
 + Level 10.2(11.8) Fighting
 - Level 3.3(4.8) Armour
 - Level 6.0(9.2) Dodging
 - Level 4.2(7.2) Stealth
 + Level 10.9(12.4) Spellcasting
 - Level 5.8(8.3) Evocations


You had 6 spell levels left.
You knew the following spells:

 Your Spells              Type           Power      Damage    Failure   Level
a - Magic Dart            Conj           100%       1d8       1%          1
b - Searing Ray           Conj           100%       2d8       1%          2
c - Dazzling Flash        Conj/Hex       100%       N/A       1%          3
d - Fulminant Prism       Conj/Hex       32%        3d15      1%          4
e - Iskenderun's Mystic   Conj/Tloc      64%        2d13      1%          4
f - Slow                  Hex            100%       N/A       1%          1
g - Arcjolt               Conj/Air       32%        1d42      1%          5
h - Inner Flame           Hex/Fire       64%        N/A       1%          3
i - Passage of Golubria   Tloc           64%        N/A       1%          4
j - Wereblood             Tmut           64%        N/A       1%          2
Your spell library was empty.

Dungeon Overview and Level Annotations

Branches:
Dungeon (9/15)             Temple (1/1) D:5            Lair (2/5) D:8
    Orc (0/2) D:9
  Swamp: Lair:2-3    Shoals: Lair:2-3     Snake: Lair:2-3    Spider: Lair:2-3

Altars:
Ashenzari
Cheibriados
Dithmenos
Elyvilon
Fedhas
Gozag
Hepliaklqana
Makhleb
Nemelex Xobeh
Okawaru
Qazlal
Ru
Trog
Uskayaw
Wu Jian
Xom
Yredelemnul
Zin
The Shining One

Shops:
D:5 *


Innate Abilities, Weirdness & Mutations

You are immune to sickness and miasma.
You are immune to poison.
Your flesh is very heat resistant. (rF++)
You are vulnerable to cold. (rC-)
You float through the air rather than walking.
You learn spells naturally, not from books.
Your magical power is your life essence.
You have superior vitality. (+4 MHP)


Message History

The blink frog blinks!
Aiming: Polymorph
Press: ? - help, Shift-Dir - straight line, f/p - five-headed hydra
Aim: a five-headed hydra (will become an alligator, a ghost moth, or a great orb of eyes, chance to affect: 33%)
Okay, then.
Aiming: Iceblast
Press: ? - help, Shift-Dir - straight line, f/p - five-headed hydra
Aim: a five-headed hydra The mass of ice explodes!
The iceblast engulfs the five-headed hydra!!
The five-headed hydra is moderately wounded.
You hear an angry hiss.
You hear an angry growl.
The blink frog completely misses you.
Okay, then.
Okay, then.
Casting: Arcjolt (mildly dangerous; 1% risk of failure)
Confirm with . or Enter, or press ? or * to list all spells.
Aiming: Passage of Golubria (safe; 1% risk of failure)
Press: ? - help, Dir - move target, p - five-headed hydra
* * * LOW HITPOINT WARNING * * *
You howl as the wereblood boils in your veins!
The blink frog hits you!
* * * LOW HITPOINT WARNING * * *
The five-headed hydra enters the passage of Golubria.
The blink frog misses you.
Casting: Passage of Golubria (safe; 1% risk of failure)
Confirm with . or Enter, or press ? or * to list all spells.
You erupt in a blast of force!
The mystic blast hits the blink frog!
You feel a bit better.
You kill the blink frog!
* * * LOW HITPOINT WARNING * * *
A komodo dragon comes into view.
Okay, then.
You howl as the wereblood boils in your veins!
The komodo dragon hisses angrily.
Aiming: Mindburst
Press: ? - help, Shift-Dir - straight line, f - komodo dragon
Aim: a komodo dragon (chance to affect: 76%)
The komodo dragon barely resists.
The komodo dragon bites you!
You die...

, *#.............. ,
, ..##....#........,
, ....##..........
,, .....##......# ,
* ...♣..##.#.##
.......##.♣.##
.............♣* , ,
.♣.<.♣....l.♣#..#.,,
, ..........@.......
* ,
.......#†.♣.##....
,* *
...♣..##.#♣#......
** .
...##.†......... ,
....##............
*...#.D............,
, .[#...............
, ,, +
..................
##.......##..#..


You could see a five-headed hydra and a komodo dragon.

Vanquished Creatures
  2 two-headed ogres
  Erica (D:9)
  3 black mambas
  Joseph (D:9)
  3 cane toads (Lair:1)
  A polar bear (Lair:2)
  2 trolls (D:9)
  Grinder (D:3)
  Prince Ribbit (D:7)
  5 blink frogs (Lair:2)
  The ghost of BigDaddyOpFi the Covered, an amateur TeFi (D:3)
  A vampire (D:9)
  16 yaks
  A wyvern (D:9)
  A basilisk (Lair:1)
  A wraith (D:9)
  3 steam dragons
  3 wargs (D:8)
  5 water moccasins
  2 orc warriors (D:9)
  2 sky beasts (D:7)
  2 ice beasts
  Duvessa (D:4)
  An ogre (D:6)
  6 centaurs
  6 wolves (Lair:1)
  4 kobold brigands
  3 necrophages
  5 bullfrogs
  2 scorpions
  4 wights (D:8)
  Dowan (D:4)
  5 killer bees (D:7)
  4 howler monkeys
  3 hounds
  3 quasits (D:6)
  2 jellies
  5 orc priests
  Crazy Yiuf (D:3)
  A gnoll bouda (D:9)
  3 iguanas
  3 orc wizards
  11 gnolls
  5 adders
  2 shadow imps
  A white imp (D:4)
  An ufetubus (D:3)
  A worm (D:2)
  5 dart slugs
  19 orcs
  8 bats
  3 endoplasms
  2 giant cockroaches
  4 goblins
  6 hobgoblins
  4 jackals (D:1)
  22 kobolds
  11 quokkas
  6 ball pythons
  7 rats
239 creatures vanquished.

Vanquished Creatures (others)
  A human (D:8)
  11 fulminant prisms
  8 plants
20 creatures vanquished.

Grand Total: 259 creatures vanquished

Notes
Turn   | Place    | Note
-------+----------+-------------------------------------------
     0 | D:1      | NinjaNoafa the Djinni Conjurer began the quest for the Orb.
     0 | D:1      | NinjaNoafa set off with the following spells memorised:
                  | Magic Dart, Searing Ray, Dazzling Flash, Fulminant Prism,
                  | Iskenderun's Mystic Blast.
     0 | D:1      | Reached XP level 1. HP: 15/15 MP: 0/0
   116 | D:1      | Reached XP level 2. HP: 18/21 MP: 0/0
   323 | D:1      | Reached skill level 1 in Fighting
   323 | D:1      | Reached XP level 3. HP: 23/27 MP: 0/0
   323 | D:1      | Learned a level 1 spell: Slow
   956 | D:2      | Reached XP level 4. HP: 28/33 MP: 0/0
  1098 | D:2      | Found a sparkling altar of Nemelex Xobeh.
  1283 | D:2      | Identified the +9 mace "Plog" {heavy, Contam rPois SInv}
  1735 | D:3      | Reached XP level 5. HP: 33/39 MP: 0/0
  1735 | D:3      | Learned a level 2 spell: Wereblood
  1954 | D:3      | Found a runed translucent door.
  2040 | D:3      | Noticed Grinder
  2203 | D:3      | Paralysed by Grinder for 2 turns
  2217 | D:3      | HP: 2/40 [Grinder/nerve-wracking pain (13)]
  2226 | D:3      | Killed Grinder
  2227 | D:3      | Reached skill level 5 in Spellcasting
  2227 | D:3      | Reached XP level 6. HP: 13/46 MP: 0/0
  2461 | D:3      | Found a runed translucent door.
  2462 | D:3      | Noticed Crazy Yiuf
  2497 | D:3      | Noticed BigDaddyOpFi's ghost (amateur TeFi)
  2543 | D:4      | Reached XP level 7. HP: 50/50 MP: 0/0
  2543 | D:4      | Learned a level 3 spell: Inner Flame
  2574 | D:4      | Noticed Duvessa
  2767 | D:3      | Killed Crazy Yiuf
  2972 | D:4      | Noticed Dowan
  2975 | D:4      | Killed Duvessa
  2981 | D:4      | Killed Dowan
  2985 | D:4      | Reached XP level 8. HP: 22/56 MP: 0/0
  3762 | D:5      | Entered Level 5 of the Dungeon
  3977 | D:5      | Found a staircase to the Ecumenical Temple.
  4022 | Temple   | Entered the Ecumenical Temple
  4317 | D:5      | Found Pitwupt's Overcharged Wands.
  4633 | D:5      | Found a broken altar of Ashenzari.
  4914 | D:5      | Became a worshipper of Ashenzari the Shackled
  5007 | D:6      | Noticed a yak
  5007 | D:6      | Noticed a yak
  5007 | D:6      | Noticed a yak
  5008 | D:6      | Noticed a yak
  5008 | D:6      | Noticed a yak
  5013 | D:6      | Noticed a yak
  5015 | D:6      | Killed a yak
  5015 | D:6      | Killed a yak
  5016 | D:6      | Reached skill level 5 in Fighting
  5016 | D:6      | Reached XP level 9. HP: 51/65 MP: 0/0
  5016 | D:6      | Learned a level 4 spell: Passage of Golubria
  6082 | D:3      | Killed BigDaddyOpFi's ghost
  6432 | D:7      | Reached XP level 10. HP: 27/70 MP: 0/0
  6627 | D:7      | Found a glowing golden altar of the Shining One.
  6653 | D:7      | Reached skill level 5 in Dodging
  6900 | D:7      | Noticed Prince Ribbit
  6905 | D:7      | Killed Prince Ribbit
  7004 | D:7      | Reached * piety under Ashenzari
  7152 | D:7      | Found a shimmering altar of Xom.
  7152 | D:7      | Found a shimmering altar of Xom.
  7160 | D:7      | Found a shimmering altar of Xom.
  7160 | D:7      | Found a shimmering altar of Xom.
  7161 | D:7      | Found a shimmering altar of Xom.
  7161 | D:7      | Found a shimmering altar of Xom.
  7164 | D:7      | Found a shimmering altar of Xom.
  7527 | D:8      | Reached ** piety under Ashenzari
  7622 | D:8      | Noticed a two-headed ogre
  7635 | D:8      | Killed a two-headed ogre
  7897 | D:8      | Reached skill level 1 in Evocations
  7909 | D:8      | Reached skill level 1 in Armour
  7938 | D:8      | Found a staircase to the Lair.
  8167 | D:8      | Identified the +5 rapier "Gram" {spect, *Rage rPois Int+3
                  | SInv}
  8429 | D:9      | Reached XP level 11. HP: 63/82 MP: 0/0
  8429 | D:9      | Learned a level 5 spell: Arcjolt
  8446 | D:9      | Noticed Joseph
  8475 | D:9      | Killed Joseph
  8476 | D:9      | Identified the cursed +0 cloak of Ashenzari's Dismay {Cun,
                  | Range} (You took it off Crazy Yiuf on level 3 of the
                  | Dungeon)
  8476 | D:9      | Identified the cursed +0 pair of gloves of Ashenzari's
                  | Oracle {Evo, Self} (You found it on level 6 of the Dungeon)
  8920 | D:9      | Noticed a two-headed ogre
  8930 | D:9      | Killed a two-headed ogre
  9071 | D:9      | Noticed Erica
  9079 | D:9      | Killed Erica
  9080 | D:9      | Reached skill level 5 in Evocations
  9224 | D:9      | Identified the +1 leather armour "Mysketyemp" {-Tele Str+5}
  9753 | D:9      | Found a staircase to the Orcish Mines.
  9760 | D:9      | Noticed a centaur warrior
  9946 | D:9      | Reached skill level 10 in Spellcasting
 10271 | Lair:1   | Entered Level 1 of the Lair of Beasts
 10353 | Lair:1   | Reached *** piety under Ashenzari
 10519 | Lair:1   | Reached XP level 12. HP: 44/93 MP: 0/0
 11349 | D:5      | Bought a wand of mindburst (30) for 630 gold pieces
 11480 | Lair:2   | Reached skill level 10 in Fighting
 11492 | Lair:2   | Noticed a five-headed hydra
 11504 | Lair:2   | Slain by a komodo dragon

Illustrated notes

Levels and vault maps discovered:
D:1:      heliophobic_arrival_dark_side_of_the_moon, layout_basic
D:2:      layout_basic, basic_altar, serial_corexii_hall,
          corexii_hall_statues_x, chequers_hall_statues_corner_a,
          nrook_loot_triangle
D:3:      layout_rooms, ebering_ghost_reflecting_pool, st_stairs_9,
          dreamdust_wishing_well, eino_curves_04, nrook_uturn, uniq_grinder,
          uniq_crazy_yiuf_cottage
D:4:      layout_gridville, supply_closet_lemuel, uniq_duvessa
D:5:      nicolae_cairo_tiling_large_dashed, layout_loops_ring,
          kennysheep_little_box, temple_statues, nicolae_shop_overcharged_wands
D:6:      cheibrodos_quashed, layout_basic, hex_medium, minmay_misc_feat_room
D:7:      layout_basic, lemuel_tele_altar, xom_redecorated, chequers_garden,
          uniq_prince_ribbit1
D:8:      layout_cave_pools, tgw_kikubaaqudgha, erik_lair_orcish_takeover
D:9:      minmay_clustersquares, layout_loops_ring, orc_0_dummy,
          ploomutoo_gammafunk_ghost_potion_laboratory, minmay_misc_feat_tower,
          kennysheep_generic_room_14, uniq_erica, uniq_joseph
Temple:   compressed_dpeg_circular_temple
Lair:1:   layout_misc_corridors, grunt_megastairs_4
Lair:2:   layout_cave_shapes, nicolae_snake_entry_warm_welcome, special_room
          [special_room_bee], serial_bayou_shore_b, serial_bayou_shore_a,
          serial_bayou_shore_b, lemuel_fruit_tree, grunt_megastairs_3

Skill      XL: |  1  2  3  4  5  6  7  8  9 10 11 12 |
---------------+-------------------------------------+-----
Dodging        | 3 4 6 |  6.0
Fighting       | 1 2 3 5 7 9 10 | 10.2
Spellcasting   | 5 6 7 9 10 | 10.9
Stealth        | 2 3 4 |  4.2
Evocations     | 2 5 |  5.8
Armour         | 2 3 |  3.3

Action                   |  1- 3 |  4- 6 |  7- 9 | 10-12 || total
-------------------------+-------+-------+-------+-------++-------
Melee: Whip              |     5 |       |       |       ||     5
       Mace              |       |    23 |     9 |     7 ||    39
       Punch             |       |     1 |       |     2 ||     3
       Rapier            |       |       |       |    44 ||    44
       Quick blade       |       |       |       |    70 ||    70
       Staff             |       |       |       |     4 ||     4
 Cast: Magic Dart        |    27 |    43 |    85 |    59 ||   214
       Searing Ray       |    12 |     5 |     5 |    15 ||    37
       Slow              |     9 |     7 |    18 |    17 ||    51
       Wereblood         |       |     4 |     2 |     9 ||    15
       Dazzling Flash    |       |     2 |     4 |     4 ||    10
       Inner Flame       |       |       |    31 |    46 ||    77
       Iskenderun's Myst |       |       |    18 |    19 ||    37
       Fulminant Prism   |       |       |     4 |     7 ||    11
       Passage of Golubr |       |       |     1 |     6 ||     7
       Arcjolt           |       |       |       |    27 ||    27
Invok: Curse Item        |       |       |     1 |     3 ||     4
Evoke: Wand              |       |       |     1 |     4 ||     5
  Use: Potion            |       |     2 |       |     4 ||     6
       Scroll            |       |       |       |     7 ||     7
 Stab: Invisible         |       |       |       |     3 ||     3
       Sleeping          |       |       |       |     1 ||     1
Armor: Robe              |     7 |     2 |     7 |    28 ||    44
       Skin              |       |     4 |       |     6 ||    10
Dodge: Dodged            |    14 |    47 |    60 |   204 ||   325

Table legend: (Time is in decaauts)
 A = Elapsed time spent in this place.
 B = Non-inter-level travel time spent in this place.
 C = Inter-level travel time spent in this place.
 D = Time resting spent in this place.
 E = Time spent auto-exploring this place.
 F = Levels seen in this place.
 G = Mean time per level.
                   A        B        C        D        E       F      G
               +--------+--------+--------+--------+--------+-----+--------+
         Total |  11554 |  10422 |   1132 |      0 |   8825 |  12 |  962.8 |
       Dungeon |  10379 |   9380 |    999 |      0 |   7993 |   9 | 1153.2 |
        Temple |    144 |     73 |     71 |      0 |     59 |   1 |  144.0 |
          Lair |   1030 |    968 |     62 |      0 |    773 |   2 |  515.0 |
               +--------+--------+--------+--------+--------+-----+--------+

Top non-repeatable levels by time:
     D:9: 1741 daAuts
     D:3: 1388 daAuts
     D:5: 1344 daAuts
     D:7: 1187 daAuts
     D:6: 1052 daAuts
     D:8: 1034 daAuts
  Lair:1: 981 daAuts
     D:4: 942 daAuts
     D:1: 879 daAuts
     D:2: 808 daAuts
  Temple: 144 daAuts
  Lair:2: 49 daAuts
